 Dungeon Crawl Stone Soup version 0.19.1 (webtiles) character file.

88 Haldmier the Chiller (level 4, -1/24 HPs)
             Began as a Deep Elf Ice Elementalist on Dec 3, 2016.
             Killed from afar by Jessica (11 damage)
             ... with a wand of flame
             ... on level 2 of the Dungeon.
             The game lasted 00:05:50 (1937 turns).

Haldmier the Chiller (Deep Elf Ice Elementalist)    Turns: 1937, Time: 00:05:50

Health: -1/24      AC:  2    Str:  5    XL:     4   Next: 30%
Magic:  0/10       EV: 13    Int: 21    God:
Gold:   36         SH:  0    Dex: 15    Spells: 3 memorised, 3 levels left

rFire  . . .     SeeInvis .     l - -3 whip (curse)
rCold  . . .     Gourm    .     a - +0 robe
rNeg   . . .     Faith    .     (no shield)
rPois  .         Spirit   .     (no helmet)
rElec  .         Reflect  .     (no cloak)
rCorr  .         Harm     .     (no gloves)
MR     .....                    (no boots)
Stlth  ++........               (no amulet)
                                (no ring)
                                (no ring)

@: no status effects
A: no striking features
a: no special abilities


You were on level 2 of the Dungeon.
You were not hungry.

You visited 1 branch of the dungeon, and saw 2 of its levels.

You collected 36 gold pieces.

Inventory:

Hand Weapons
 j - a +0 dagger
 l - a cursed -3 whip (weapon)
 r - a +1 mace of holy wrath
Missiles
 e - a throwing net (quivered)
Armour
 a - a +0 robe (worn)
Scrolls
 f - 3 scrolls of identify {unknown}
 h - 3 scrolls of teleportation {unknown}
 n - a scroll of amnesia {unknown}
Potions
 d - a potion of invisibility {unknown}
 m - a potion of flight {unknown}
 o - 2 potions of degeneration {unknown}
 p - 2 potions of haste {unknown}
 s - a potion of magic {unknown}
 t - a potion of heal wounds {unknown}
Books
 b - a book of Frost

   Spells                             Type                      Level
   a - Freeze                         Ice                          1
   b - Throw Frost                    Conjuration/Ice              2
   c - Ozocubu's Armour               Charms/Ice                   3
   d - Throw Icicle                   Conjuration/Ice              4
   e - Summon Ice Beast               Ice/Summoning                4
Comestibles
 c - 3 bread rations
 g - a royal jelly
 i - 3 meat rations
 k - 3 fruits
 q - 4 chunks of flesh


   Skills:
 - Level 2.4 Dodging
 - Level 2.4 Stealth
 - Level 3.0 Spellcasting
 + Level 1.9 Conjurations
 + Level 1.5 Charms
 * Level 5.2 Ice Magic


You had 3 spell levels left.
You knew the following spells:

 Your Spells              Type           Power        Failure   Level  Hunger
a - Freeze                Ice            ####         1%          1    None
b - Throw Frost           Conj/Ice       ###...       6%          2    ##.....
c - Ozocubu's Armour      Chrm/Ice       ###.....     12%         3    ###....


Dungeon Overview and Level Annotations

Branches:
Dungeon (2/15)

Altars:

Annotations:
D:1 Ring asscross lava, or dig
D:2 Jessica


Message History

You kill the quokka!
You now have 4/10 mp.
Casting: Throw Frost
Confirm with . or Enter, or press ? or * to list all spells.
Aiming: Throw Frost
Press: ? - help, Shift-Dir - straight line, f - Jessica
Aim: Jessica, wielding a club and wearing a robe (severely wounded)
The puff of frost misses Jessica.
Jessica zaps a wand.
The puff of flame hits you!
Ouch! That really hurt!
It is a wand of flame.
You take 14 damage, and have 10/24 hp.
MASSIVE DAMAGE!!
You now have 2/10 mp.
Casting: Throw Frost
Confirm with . or Enter, or press ? or * to list all spells.
Aiming: Throw Frost
Press: ? - help, Shift-Dir - straight line, f/p - Jessica
Aim: Jessica, wielding a club, wearing a robe and carrying a wand of flame {zapped: 1} (severely wounded)
The puff of frost misses Jessica.
Jessica zaps a wand.
The puff of flame hits you!
You die...

###..(# ......#
##..#.# # #...>..
.## #.#####. ####
..## #..
...)##..[##..# ...
...#.....#..#
######..#...@.'..#
.... #@.# #..##
##..# #..#####..##
#........##
#.......##
#..)#..## #.....##
#######


You could see Jessica.

Vanquished Creatures
  3 adders (D:2)
  2 oozes (D:1)
  3 dart slugs (D:1)
  A leopard gecko (D:2)
  4 giant cockroaches
  6 goblins
  2 hobgoblins (D:2)
  8 kobolds
  A quokka (D:2)
  10 bats
  6 frilled lizards
  2 rats (D:1)
48 creatures vanquished.

Notes
Turn   | Place    | Note
-------+----------+-------------------------------------------
     0 | D:1      | Haldmier the Deep Elf Ice Elementalist began the quest for the Orb.
     0 | D:1      | Reached XP level 1. HP: 10/10 MP: 6/6
   118 | D:1      | Reached skill level 4 in Ice Magic
   118 | D:1      | Reached XP level 2. HP: 6/15 MP: 2/8
   651 | D:1      | Learned a level 2 spell: Throw Frost
   669 | D:1      | Reached XP level 3. HP: 19/19 MP: 5/9
  1367 | D:1      | Learned a level 3 spell: Ozocubu's Armour
  1419 | D:2      | Reached skill level 5 in Ice Magic
  1649 | D:2      | Reached skill level 1 in Charms
  1649 | D:2      | Reached XP level 4. HP: 24/24 MP: 5/10
  1931 | D:2      | Noticed Jessica
  1937 | D:2      | Killed from afar by Jessica

Skill      XL: |  1  2  3 |
---------------+----------+-----
Ice Magic      | 4 5 |  5.2
Charms         | 1 |  1.5
Dodging        | |  2.4
Stealth        | |  2.4
Spellcasting   | |  3.0
Conjurations   | |  1.9

Action                   |  1- 3 |  4- 6 || total
-------------------------+-------+-------++-------
Melee: Unarmed           |     2 |       ||     2
 Cast: Freeze            |    64 |     7 ||    71
       Throw Frost       |     2 |     5 ||     7
  Eat: Chunk             |     2 |     1 ||     3
Armor: Robe              |     4 |     2 ||     6
Dodge: Dodged            |    30 |     5 ||    35
